Map: Acid Plant LE

Players

HeroMarine - Winner!

  • Race: Terran Terran
  • Spawn Location: 5:00

ShaDoWn

  • Race: Protoss Protoss
  • Spawn Location: 11:00

Event: WCS Montreal 2018

VOD

Have the link to the VOD?

Description

Time

  • Played on: Sept. 7, 2018, 7:23 p.m.
  • Length: 10:08

All games in this series

Show
View Real Time Build Order
Export as new Build Order

HeroMarine Terran - Winner!

Build Orders: Cyclone Opening, Gas First Reaper Expand, Reaper Expand, MMM Bio 

Get SALT Encoding   

  12  0:00  SCV  
  13  0:12  SCV  
  14  0:17  Supply Depot  
  14  0:24  SCV  
  14  0:27  Refinery  
  15  0:38  SCV  
  16  0:46  Barracks  
  16  0:50  SCV  
  17  1:03  SCV  
  18  1:15  SCV  
  19  1:34  Reaper, Orbital Command  
  20  1:46  Command Center  
  20  1:57  Factory  
  20  2:00  SCV  
  21  2:06  Barracks Reactor  
  21  2:12  SCV  
  22  2:16  Refinery  
  22  2:19  Supply Depot  
  22  2:24  SCV  
  23  2:41  Cyclone, SCV  
  27  2:44  Marine x2  
  29  2:56  SCV  
  30  3:02  Starport  
  30  3:04  Marine x2  
  32  3:10  Orbital Command  
  32  3:15  SCV  
  32  3:19  Widow Mine  
  35  3:26  Marine  
  36  3:27  SCV  
  36  3:28  Marine  
  38  3:35  SCV  
  38  3:39  SCV  
  38  3:41  Viking  
  42  3:44  Widow Mine  
  42  3:48  Supply Depot  
  42  3:49  SCV  
  42  3:53  SCV  
  44  3:59  Marine x2  
  46  4:09  SCV x2  
  48  4:12  Supply Depot  
  48  4:14  Starport Tech Lab  
  46  4:17  Marine x2  
  46  4:21  SCV x2  
  50  4:29  Bunker  
  50  4:33  Raven, SCV  
  50  4:35  SCV  
  54  4:39  Command Center  
  54  4:45  Factory Tech Lab, SCV  
  54  4:47  SCV  
  54  4:51  Marine, Supply Depot  
  54  4:52  Marine  
  58  4:58  SCV  
  58  4:59  SCV  
  60  5:00  Supply Depot  
  60  5:02  Barracks  
  60  5:10  SCV, Siege Tank  
  60  5:11  SCV  
  61  5:15  Marine x2  
  59  5:22  SCV  
  59  5:23  SCV  
  59  5:26  Banshee  
  61  5:33  Marine x2  
  61  5:34  SCV  
  61  5:35  SCV  
  57  5:46  SCV  
  57  5:47  SCV  
  59  5:51  Marine  
  59  5:54  Orbital Command  
  58  5:58  SCV, Marine  
  58  5:59  SCV  
  58  6:02  Factory Tech Lab  
  58  6:03  Stimpack, Marine  
  62  6:08  Marine  
  62  6:10  SCV  
  64  6:11  SCV  
  64  6:16  Marine  
  66  6:20  Engineering Bay, SCV  
  66  6:21  Marine  
  66  6:22  SCV  
  66  6:23  SCV  
  70  6:25  Bunker  
  70  6:26  Marine  
  70  6:28  Barracks  
  71  6:33  Barracks  
  71  6:36  Factory Reactor  
  71  6:38  Barracks  
  71  6:39  Starport Reactor  
  74  6:41  Marine x2  
  74  6:45  SCV x2  
  74  6:46  SCV  
  60  6:57  SCV x2  
  60  7:01  Marine x2  
  62  7:05  Missile Turret x2  
  62  7:07  SCV  
  64  7:09  Marauder  
  64  7:15  SCV x2  
  66  7:17  Refinery  
  66  7:19  SCV, Marine x2  
  69  7:24  Marauder  
  69  7:25  Medivac x2  
  69  7:28  Marauder  
  69  7:29  SCV  
  78  7:31  SCV  
  78  7:34  Marauder  
  78  7:36  Marine  
  82  7:41  Combat Shields  
  82  7:44  SCV  
  84  7:45  SCV  
  79  7:53  Marauder x2  
  79  7:54  Marine x2  
  79  7:55  Marine  
  85  8:02  Supply Depot  
  85  8:05  Orbital Command  
  85  8:10  Medivac  
  85  8:12  Medivac  
  85  8:14  SCV  
  85  8:22  Supply Depot  
  85  8:23  SCV  
  85  8:26  SCV  
  85  8:27  Marauder x3  
  93  8:28  Supply Depot  
  93  8:33  Supply Depot  
  93  8:34  SCV, Marine x4  
  93  8:35  SCV, Factory Reactor  
  93  8:38  SCV  
  100  8:43  Medivac x2, Missile Turret  
  100  8:46  SCV  
  100  8:48  Marauder, SCV  
  108  8:50  Marauder x2, SCV  
  108  8:52  Marine, Supply Depot  
  114  8:56  Supply Depot  
  114  8:58  SCV, Marine x2  
  114  8:59  Marine  
  114  9:00  SCV  
  114  9:02  Concussive Shells  
  119  9:08  Refinery  
  119  9:09  Marauder  
  121  9:10  Marine  
  121  9:14  Marauder  
  121  9:15  Supply Depot  
  121  9:16  Marine  
  125  9:17  Marauder  
  125  9:20  Marine x2  
  125  9:21  SCV x2  
  125  9:22  SCV  
  132  9:31  Marauder  
  130  9:35  Marauder  
  124  9:38  Marauder  
  124  9:39  Widow Mine x2  
  124  9:43  Marine x2  
  129  9:47  SCV x3  
  129  9:49  Marine x2  
Show
View Real Time Build Order
Export as new Build Order

ShaDoWn Protoss 

Build Orders: Oracle Opening 

Get SALT Encoding   

  12  0:00  Probe  
  13  0:12  Probe  
  14  0:20  Pylon  
  14  0:24  Probe  
  15  0:34  Probe  
  15  0:39  Gateway  
  16  0:42  Probe  
  16  0:48  Assimilator  
  17  0:53  Probe  
  18  0:57  Assimilator  
  18  1:05  Probe  
  19  1:17  Probe  
  20  1:29  Cybernetics Core  
  20  1:30  Probe  
  20  1:38  Pylon  
  20  1:42  Probe  
  21  1:54  Probe  
  22  1:57  Adept  
  22  2:05  Stargate  
  22  2:06  Warp Gate, Probe  
  25  2:18  Probe  
  26  2:26  Adept  
  28  2:38  Oracle  
  28  2:42  Nexus  
  31  2:56  Pylon  
  31  3:06  Oracle  
  32  3:27  Gateway  
  32  3:28  Gateway  
  32  3:30  Probe  
  33  3:40  Pylon  
  33  3:44  Probe  
  33  3:47  Oracle  
  37  3:51  Probe  
  38  3:56  Probe  
  38  4:00  Probe  
  39  4:08  Probe x2  
  42  4:22  Stalker x2  
  43  4:26  Stalker  
  43  4:27  Probe x2  
  47  4:44  Probe  
  49  4:46  Stalker  
  49  4:47  Stalker  
  49  4:52  Stalker  
  54  4:55  Pylon  
  54  4:56  Pylon  
  54  5:00  Twilight Council  
  54  5:13  Probe  
  53  5:15  Stalker x3  
  53  5:16  Probe  
  58  5:26  Probe  
  59  5:28  Probe  
  59  5:34  Pylon  
  60  5:38  Stalker x2, Probe  
  60  5:40  Zealot  
  60  5:41  Probe  
  64  5:45  Assimilator  
  62  5:50  Probe  
  62  5:54  Probe  
  62  5:57  Assimilator  
  62  6:01  Adept x3  
  68  6:05  Probe  
  69  6:13  Probe  
  69  6:17  Probe  
  71  6:22  Pylon, Adept x3  
  77  6:28  Pylon  
  73  6:47  Blink  
  65  6:57  Stalker x3  
  69  7:02  Robotics Facility  
  69  7:04  Shield Battery x2  
  69  7:06  Nexus  
  69  7:21  Stalker x3  
  75  7:25  Probe  
  74  7:39  Stalker x3  
  69  7:53  Probe  
  69  7:54  Observer  
  69  7:57  Probe  
  67  8:00  Stalker x3  
  73  8:06  Immortal, Probe  
  73  8:07  Forge  
  73  8:08  Forge  
  61  8:23  Gateway  
  61  8:24  Gateway  
  60  8:27  Sentry  
  60  8:28  Zealot x2  
  60  8:33  Observer  
  66  8:40  Gateway  
  66  8:41  Immortal  
  70  8:52  Zealot x3  
  76  8:58  Probe  
  76  9:00  Pylon  
  77  9:17  Stalker x3  
  77  9:20  Stalker x2  
  66  9:41  Stalker x4  
  57  9:53  Stalker  
  57  9:54  Stalker  
Tags
 
Add a new tag
Caveats
  • Supply blocks, unpowered buildings, or Contaminate may cause inaccurate times.
  • Supply counts are checked every 10 seconds.